Griffins vs Demolitions
Created - March 3, 2018 at 20:01
Goals
|
Griffins |
0 |
3 |
0 |
3 |
Demolitions |
2 |
2 |
2 |
6 |
|
Shots
|
Griffins |
7 |
17 |
15 |
39 |
Demolitions |
8 |
19 |
9 |
36 |
|
1st period
1. Demolitions , Ryan Russell 10 (Mikko Lehtonen 7, Andrej Nestrasil 17) at 1:52
2. Demolitions , Brandon McMillan 6 (Andrew Campbell 18, Ryan Russell 8) at 10:30
Penalties :
Lukas Krajicek (Cap) for Cross-checking (Minor) at 2:32, Vladislav Namestnikov (Cap) for Hooking (Minor) at 7:42, Nicolas Blanchard (Vic) for Hooking (Minor) at 16:48
2nd period
3. Demolitions , Erik Condra 34 (Andrew Campbell 19, Bobby Butler 33) at 0:16
4. Griffins , Jamie Arniel 32 (Petr Pohl 53) at 2:26
5. Demolitions , Erik Condra 35 (Nicolas Blanchard 26) at 5:47
6. Griffins , J.T. Brown 15 (Petr Pohl 54, Petter Granberg 10) at 7:26
7. Griffins , Robert Dome 15 (Petter Granberg 11) at 19:08
Penalties :
Nathan Oystrick (Cap) for Holding (Minor) at 13:48
3rd period
8. Demolitions , Jack Skille 15 (Andrew Campbell 20, Ryan Bayda 36) at 2:40
9. Demolitions , Bobby Butler 29 (Nicolas Blanchard 27) at 7:58
Penalties :
Seth Helgeson (Vic) for Goalie Interference (Minor) at 12:22, Mike Duco (Cap) for Slashing (Minor) at 16:17, Bobby Butler (Vic) for Roughing (Minor) at 19:31
Goalie Stats
Malcolm Subban (Cap), 22 saves from 24 shots - (0.917), 34:13 minutes
Jason Missiaen (Cap), 8 saves from 12 shots - (0.667), L, 24-10-5, 25:47 minutes
Olivier Roy (Vic), 36 saves from 39 shots - (0.923), W, 11-15-2, 60:00 minutes
Players Stats for Griffins
Player Name G A P +/- PIM S H SB GA TA FO MP PP MP PK MP
------------------------------------------------------------------------------------
Ben Hanowski 0 0 0 -1 0 2 3 0 1 0 0/1 13:58 1:45 0:00
Devin Shore 0 0 0 0 0 0 1 0 0 0 7/13 14:13 1:55 1:30
Gord Baldwin 0 0 0 -2 0 2 2 1 0 1 0/0 21:20 1:31 4:29
Greg Mauldin 0 0 0 -1 0 2 0 0 0 0 5/8 12:12 0:00 0:00
J.T. Brown 1 0 1 0 0 2 1 1 1 0 0/0 13:04 0:04 2:33
Jamie Arniel 1 0 1 -2 0 7 1 0 0 0 22/43 22:58 2:27 3:53
Kyle Lawson 0 0 0 -2 0 2 0 2 0 0 0/0 19:21 0:00 3:27
Lucas Lessio 0 0 0 0 0 2 0 1 2 0 0/0 10:36 0:04 1:56
Lukas Krajicek 0 0 0 -2 2 1 3 2 1 2 0/0 24:27 2:55 3:14
Mike Duco 0 0 0 0 2 2 0 0 1 0 0/0 9:48 0:00 1:58
Nathan Oystrick 0 0 0 1 2 0 0 1 0 0 0/0 15:57 0:00 2:29
Petr Pohl 0 2 2 -2 0 9 1 0 0 0 2/2 22:58 2:27 3:53
Petter Granberg 0 2 2 1 0 0 2 1 0 0 0/0 16:22 1:31 0:23
Pontus Aberg 0 0 0 -2 0 0 0 1 0 0 0/0 16:53 0:24 0:00
Robert Dome 1 0 1 -1 0 3 1 0 1 0 1/1 14:29 2:17 0:00
Simon Despres 0 0 0 -2 0 1 1 3 0 0 0/0 23:07 2:55 1:50
Tye McGinn 0 0 0 0 0 3 0 0 0 1 0/1 12:16 1:55 0:09
Vladislav Namestnikov 0 0 0 0 2 1 0 0 0 0 1/2 8:01 0:00 0:00
Players Stats for Demolitions
Player Name G A P +/- PIM S H SB GA TA FO MP PP MP PK MP
------------------------------------------------------------------------------------
Aaron Palushaj 0 0 0 1 0 4 3 0 1 0 0/0 9:17 0:00 0:00
Andrej Nestrasil 0 1 1 1 0 0 1 0 0 0 3/4 6:29 0:00 0:00
Andrew Campbell 0 3 3 0 0 1 1 0 0 1 0/0 26:00 0:00 0:00
Billy Sweat 0 0 0 0 0 0 0 0 0 0 0/0 1:48 1:41 0:00
Bobby Butler 1 1 2 2 2 2 1 0 0 0 1/2 25:32 5:14 2:10
Brandon McMillan 1 0 1 1 0 2 2 0 1 0 2/9 9:17 0:00 0:00
Corban Knight 0 0 0 -1 0 0 3 0 1 0 5/14 18:05 3:54 1:05
Danny DeKeiser 0 0 0 3 0 3 1 2 1 2 0/0 25:41 5:48 0:56
Derek Forbort 0 0 0 0 0 0 0 0 0 0 0/0 0:40 0:00 0:00
Erik Condra 2 0 2 2 0 5 1 0 0 1 1/2 22:41 3:38 0:51
Frazer Mclaren 0 0 0 1 0 0 0 0 0 0 0/0 9:17 0:00 0:00
Jack Skille 1 0 1 -1 0 2 1 0 0 0 0/0 18:16 4:03 0:51
Jonathan Blum 0 0 0 -1 0 5 1 5 0 1 0/0 30:26 5:17 2:47
Josh Beaulieu 0 0 0 0 0 0 0 0 0 0 0/0 3:15 1:16 1:25
Mike Sauer 0 0 0 0 0 0 0 1 0 1 0/0 5:53 0:42 2:30
Mikko Lehtonen 0 1 1 1 0 0 0 0 0 0 0/0 6:55 0:15 0:00
Nicolas Blanchard 0 2 2 2 2 6 2 0 0 0 19/33 21:49 3:38 0:00
Robert Bortuzzo 0 0 0 1 0 0 0 1 0 0 0/0 7:35 1:21 1:56
Ryan Bayda 0 1 1 -1 0 3 1 0 0 1 2/7 15:27 0:09 2:21
Ryan Russell 1 1 2 1 0 1 1 0 0 0 0/0 6:29 0:00 0:00
Seth Helgeson 0 0 0 3 2 2 3 1 0 0 0/0 24:07 2:44 0:43
Thomas DiPauli 0 0 0 0 0 0 0 0 0 0 0/0 0:32 0:00 0:09
3 Stars
1 - Erik Condra (Vic)
2 - Ryan Russell (Vic)
3 - Bobby Butler (Vic)
Power Play
Griffins - 0 on 3 Attempt(s) - 0.00%
Demolitions - 0 on 4 Attempt(s) - 0.00%
Penalty Kill
Griffins - 4 on 4 Attempt(s) - 100.00%
- Score 0 goal in Penalty Kill
Demolitions - 3 on 3 Attempt(s) - 100.00%
- Score 0 goal in Penalty Kill
Team Stat
Griffins - Hits : 16 - Faceoff Wins : 38 - Blocked Shots : 13 - Penalty Minutes : 8
Demolitions - Hits : 22 - Faceoff Wins : 33 - Blocked Shots : 10 - Penalty Minutes : 6
Official
Referees : Hebert Ghislain and Walkom Stephen
Linesman : Tony Sericolo and Steve Miller
Game Notes
Malcolm Subban enters game at 5:47 of 2nd period
Finance
Level 1 -- Attendance: 1428 (71.40%) -- Ticket Income $49,980
Level 2 -- Attendance: 655 (65.50%) -- Ticket Income $9,825
Total Attendance: 2083 (69.43%)
Total Ticket Income: $59,805
Other Income: $2,990
Total Income: $62,795
Griffins
5 vs 5 Forward
Center Left Wing Right Wing Time % Phy DF OF
1 Jamie Arniel Pontus Aberg Petr Pohl 40 0 2 3
2 Devin Shore Tye McGinn J.T. Brown 25 0 2 3
3 Greg Mauldin Robert Dome Ben Hanowski 25 0 2 3
4 Vladislav Namestnikov Lucas Lessio Mike Duco 10 0 2 3
5 vs 5 Defense
Defense Defense Time % Phy DF OF
1 Lukas Krajicek Simon Despres 40 1 2 2
2 Gord Baldwin Kyle Lawson 30 1 2 2
3 Nathan Oystrick Petter Granberg 20 1 2 2
4 Nathan Oystrick Petter Granberg 10 1 2 2
PowerPlay Forward
Center Left Wing Right Wing Time % Phy DF OF
1 Jamie Arniel Robert Dome Petr Pohl 60 0 1 4
2 Devin Shore Tye McGinn Ben Hanowski 40 0 1 4
PowerPlay Defense
Defense Defense Time % Phy DF OF
1 Simon Despres Lukas Krajicek 60 0 1 4
2 Gord Baldwin Petter Granberg 40 0 1 4
Penalty Kill 4 Players Forward
Center Wing Time % Phy DF OF
1 Jamie Arniel Petr Pohl 60 1 2 2
2 J.T. Brown Mike Duco 40 1 2 2
Penalty Kill 4 Players Defense
Defense Defense Time % Phy DF OF
1 Gord Baldwin Lukas Krajicek 60 1 2 2
2 Kyle Lawson Nathan Oystrick 40 1 2 2
Penalty Kill - 3 Players Forward
Forward Time % Phy DF OF
1 Jamie Arniel 60 1 2 2
2 Mike Duco 40 1 2 2
Penalty Kill - 3 Players Defense
Defense Defense Time % Phy DF OF
1 Gord Baldwin Lukas Krajicek 60 1 2 2
2 Lukas Krajicek Nathan Oystrick 40 1 2 2
4 vs 4 Forward
Center Wing Time % Phy DF OF
1 Jamie Arniel Petr Pohl 60 1 2 2
2 Devin Shore Tye McGinn 40 1 2 2
4 vs 4 Defense
Defense Defense Time % Phy DF OF
1 Nathan Oystrick Gord Baldwin 60 1 2 2
2 Kyle Lawson Simon Despres 40 1 2 2
Last Minutes Offensive
Center Left Wing Right Wing Defense Defense
Jamie Arniel Tye McGinn Petr Pohl Lukas Krajicek Simon Despres
Last Minutes Defensive
Center Left Wing Right Wing Defense Defense
Jamie Arniel Petr Pohl Mike Duco Gord Baldwin Nathan Oystrick
Goaltenders
Starting : Jason Missiaen
Backup : Malcolm Subban
Extra Forwards
Normal : Jamie Arniel, Devin Shore, Robert Dome - PP : Pontus Aberg, Ben Hanowski - PK : Petr Pohl
Extra Defensemen
Normal : Lukas Krajicek, Simon Despres, Petter Granberg - PP : Kyle Lawson - PK : Simon Despres, Petter Granberg
Penalty Shots
Jamie Arniel, Ben Hanowski, Devin Shore, Robert Dome, Greg Mauldin
Scratches
Oscar Klefbom (Healthy), Garrett Wilson (Healthy), Tanner Kero (Healthy), Greg McKegg (Healthy), Brett Bulmer (Healthy)
Stuart Percy (Healthy), Rich Clune (Healthy), Jerome Gauthier-Leduc (Healthy), Konrad Abeltshauser (Healthy), Tomas Hyka (Healthy)
Brian Hart (Healthy), Casey Wellman (Healthy), Jan Mursak (Sports Hernia Injury), Justin Braun (Strained Right Elbow Injury), Thomas Greiss (Healthy)
Demolitions
5 vs 5 Forward
Center Left Wing Right Wing Time % Phy DF OF
1 Nicolas Blanchard Bobby Butler Erik Condra 60 0 0 5
2 Corban Knight Ryan Bayda Jack Skille 24 0 0 5
3 Brandon McMillan Frazer Mclaren Aaron Palushaj 12 0 0 5
4 Andrej Nestrasil Ryan Russell Mikko Lehtonen 4 0 0 5
5 vs 5 Defense
Defense Defense Time % Phy DF OF
1 Andrew Campbell Jonathan Blum 58 0 0 5
2 Seth Helgeson Danny DeKeiser 25 0 0 5
3 Jonathan Blum Andrew Campbell 12 0 0 5
4 Andrew Campbell Seth Helgeson 5 0 0 5
PowerPlay Forward
Center Left Wing Right Wing Time % Phy DF OF
1 Nicolas Blanchard Bobby Butler Erik Condra 70 0 0 5
2 Corban Knight Bobby Butler Jack Skille 30 0 0 5
PowerPlay Defense
Defense Defense Time % Phy DF OF
1 Danny DeKeiser Jonathan Blum 70 0 0 5
2 Jonathan Blum Seth Helgeson 30 0 0 5
Penalty Kill 4 Players Forward
Center Wing Time % Phy DF OF
1 Ryan Bayda Bobby Butler 60 1 2 2
2 Erik Condra Jack Skille 40 1 2 2
Penalty Kill 4 Players Defense
Defense Defense Time % Phy DF OF
1 Mike Sauer Jonathan Blum 60 1 2 2
2 Robert Bortuzzo Seth Helgeson 40 1 2 2
Penalty Kill - 3 Players Forward
Forward Time % Phy DF OF
1 Ryan Bayda 60 1 2 2
2 Bobby Butler 40 1 2 2
Penalty Kill - 3 Players Defense
Defense Defense Time % Phy DF OF
1 Mike Sauer Jonathan Blum 60 1 2 2
2 Seth Helgeson Robert Bortuzzo 40 1 2 2
4 vs 4 Forward
Center Wing Time % Phy DF OF
1 Ryan Bayda Bobby Butler 60 1 2 2
2 Erik Condra Jack Skille 40 1 2 2
4 vs 4 Defense
Defense Defense Time % Phy DF OF
1 Andrew Campbell Seth Helgeson 60 1 2 2
2 Jonathan Blum Andrew Campbell 40 1 2 2
Last Minutes Offensive
Center Left Wing Right Wing Defense Defense
Nicolas Blanchard Ryan Bayda Erik Condra Andrew Campbell Seth Helgeson
Last Minutes Defensive
Center Left Wing Right Wing Defense Defense
Nicolas Blanchard Ryan Bayda Erik Condra Andrew Campbell Jonathan Blum
Goaltenders
Starting : Olivier Roy
Backup : Joe Cannata
Extra Forwards
Normal : Billy Sweat, Josh Beaulieu, Bobby Butler - PP : Billy Sweat, Josh Beaulieu - PK : Bobby Butler
Extra Defensemen
Normal : Robert Bortuzzo, Andrew Campbell, Jonathan Blum - PP : Robert Bortuzzo - PK : Jonathan Blum, Seth Helgeson
Penalty Shots
Ryan Bayda, Bobby Butler, Erik Condra, Jack Skille, Mikko Lehtonen
Scratches
Alex Hutchings (Healthy), Ryan Olsen (Healthy), Taylor Aronson (Healthy), Taylor Leier (Healthy), Mitchell Moroz (Healthy)
Colton Sceviour (Healthy), Cameron Schilling (Bruised Left Leg Injury), Nick Pryor (Healthy), Jake Paterson (Healthy), Jussi Rynnas (Healthy)
% Time on Ice - Griffins
Lines # - Real PCT - Wanted PCT - Time Play
Normal Forward
1 - 37% - 40% - 17:30
2 - 21% - 25% - 10:12
3 - 26% - 25% - 12:12
4 - 16% - 10% - 7:44
Normal Defense
1 - 40% - 40% - 19:14
2 - 32% - 30% - 15:09
3 - 19% - 20% - 9:09
4 - 9% - 10% - 4:06
PP Forward
1 - 57% - 60% - 2:31
2 - 43% - 40% - 1:55
PP Defense
1 - 66% - 60% - 2:55
2 - 34% - 40% - 1:31
PK Forward
1 - 68% - 60% - 5:23
2 - 32% - 40% - 2:33
PK Defense
1 - 57% - 60% - 4:30
2 - 43% - 40% - 3:26
PK3 Forward
1 - 0% - 60%
2 - 0% - 40%
PK3 Defense
1 - 0% - 60%
2 - 0% - 40%
44 Forward
1 - 0% - 60%
2 - 0% - 40%
44 Defense
1 - 0% - 60%
2 - 0% - 40%
Last Minute Offensive - 0:00
Last Minute Defensive - 0:00
Total
Forward - 60:00
Defense - 60:00
|
% Time on Ice - Demolitions
Lines # - Real PCT - Wanted PCT - Time Play
Normal Forward
1 - 39% - 60% - 18:30
2 - 28% - 24% - 13:22
3 - 19% - 12% - 9:17
4 - 14% - 4% - 6:29
Normal Defense
1 - 54% - 58% - 25:31
2 - 40% - 25% - 19:00
3 - 1% - 12% - 0:41
4 - 5% - 5% - 2:26
PP Forward
1 - 51% - 70% - 4:02
2 - 49% - 30% - 3:54
PP Defense
1 - 79% - 70% - 6:18
2 - 21% - 30% - 1:38
PK Forward
1 - 81% - 60% - 3:35
2 - 19% - 40% - 0:51
PK Defense
1 - 56% - 60% - 2:30
2 - 44% - 40% - 1:56
PK3 Forward
1 - 0% - 60%
2 - 0% - 40%
PK3 Defense
1 - 0% - 60%
2 - 0% - 40%
44 Forward
1 - 0% - 60%
2 - 0% - 40%
44 Defense
1 - 0% - 60%
2 - 0% - 40%
Last Minute Offensive - 0:00
Last Minute Defensive - 0:00
Total
Forward - 60:00
Defense - 60:00
|
Play by Play
1st period
0:01 of 1st period - Jamie Arniel wins face-off versus Nicolas Blanchard in neutral zone.
0:26 of 1st period - Jonathan Blum is hit by J.T. Brown and loses puck.
1:03 of 1st period - Snap shot by Brandon McMillan.
1:03 of 1st period - Stopped by Jason Missiaen with a rebound.
1:52 of 1st period - Slapshot by Ryan Russell.
1:52 of 1st period - Goal by Ryan Russell - Griffins : 0 - Demolitions : 1.
1:53 of 1st period - Greg Mauldin wins face-off versus Nicolas Blanchard in neutral zone.
2:00 of 1st period - Wrist shot by Erik Condra.
2:00 of 1st period - Deflect By Nicolas Blanchard.
2:00 of 1st period - Stopped by Jason Missiaen with a rebound.
2:32 of 1st period - Minor Penalty to Lukas Krajicek for Cross-checking.
2:33 of 1st period - Nicolas Blanchard wins face-off versus Jamie Arniel in Griffins zone.
2:33 of 1st period - Slapshot by Bobby Butler.
2:33 of 1st period - Shot Misses the Net.
2:35 of 1st period - Slapshot by Jonathan Blum.
2:35 of 1st period - Stopped by Jason Missiaen without a rebound.
2:36 of 1st period - Nicolas Blanchard wins face-off versus Jamie Arniel in Griffins zone.
4:32 of 1st period - Penalty to Lukas Krajicek is over, Lukas Krajicek is back on ice.
4:55 of 1st period - Petter Granberg is hit by Brandon McMillan and loses puck.
5:06 of 1st period - Jonathan Blum is hit by Ben Hanowski and loses puck.
5:33 of 1st period - Gord Baldwin is hit by Ryan Bayda and loses puck.
5:46 of 1st period - Nicolas Blanchard is hit by Petter Granberg and loses puck.
6:20 of 1st period - Icing by Lukas Krajicek.
6:21 of 1st period - Devin Shore wins face-off versus Corban Knight in Griffins zone.
7:42 of 1st period - Minor Penalty to Vladislav Namestnikov for Hooking.
7:43 of 1st period - Nicolas Blanchard wins face-off versus Jamie Arniel in Griffins zone.
9:42 of 1st period - Penalty to Vladislav Namestnikov is over, Vladislav Namestnikov is back on ice.
9:54 of 1st period - Petr Pohl is hit by Brandon McMillan and loses puck.
9:59 of 1st period - Slapshot by Aaron Palushaj.
9:59 of 1st period - Stopped by Jason Missiaen without a rebound.
10:00 of 1st period - Andrej Nestrasil wins face-off versus Devin Shore in Griffins zone.
10:17 of 1st period - Ryan Russell is hit by Petter Granberg and loses puck.
10:28 of 1st period - Slapshot by Andrew Campbell.
10:28 of 1st period - Shot Misses the Net.
10:30 of 1st period - Wrist shot by Brandon McMillan.
10:30 of 1st period - Goal by Brandon McMillan - Griffins : 0 - Demolitions : 2.
10:31 of 1st period - Nicolas Blanchard wins face-off versus Jamie Arniel in neutral zone.
10:41 of 1st period - Wrist shot by Petr Pohl.
10:41 of 1st period - Stopped by Olivier Roy without a rebound.
10:42 of 1st period - Jamie Arniel wins face-off versus Nicolas Blanchard in Demolitions zone.
13:46 of 1st period - Slapshot by Tye McGinn.
13:46 of 1st period - Stopped by Olivier Roy with a rebound.
14:44 of 1st period - Seth Helgeson is hit by Lukas Krajicek and loses puck.
15:30 of 1st period - Wrist shot by Nicolas Blanchard.
15:30 of 1st period - Shot Misses the Net.
15:32 of 1st period - Snap shot by Erik Condra.
15:32 of 1st period - Stopped by Jason Missiaen with a rebound.
15:41 of 1st period - Icing by Greg Mauldin.
15:42 of 1st period - Greg Mauldin wins face-off versus Brandon McMillan in Griffins zone.
15:57 of 1st period - Snap shot by Greg Mauldin.
15:57 of 1st period - Stopped by Olivier Roy with a rebound.
16:01 of 1st period - Wrist shot by Ben Hanowski.
16:01 of 1st period - Stopped by Olivier Roy with a rebound.
16:03 of 1st period - Snap shot by Ben Hanowski.
16:03 of 1st period - Deflect By Greg Mauldin.
16:03 of 1st period - Stopped by Olivier Roy with a rebound.
16:11 of 1st period - Snap shot by Ben Hanowski.
16:11 of 1st period - Deflect By Robert Dome.
16:11 of 1st period - Shot Misses the Net.
16:11 of 1st period - Puck is out of play.
16:12 of 1st period - Ryan Bayda wins face-off versus Jamie Arniel in Demolitions zone.
16:38 of 1st period - Andrew Campbell is hit by Lukas Krajicek and loses puck.
16:43 of 1st period - Snap shot by Lucas Lessio.
16:43 of 1st period - Shot Misses the Net.
16:45 of 1st period - Slapshot by Simon Despres.
16:45 of 1st period - Deflect By Mike Duco.
16:45 of 1st period - Stopped by Olivier Roy without a rebound.
16:46 of 1st period - Erik Condra wins face-off versus Devin Shore in Demolitions zone.
16:48 of 1st period - Minor Penalty to Nicolas Blanchard for Hooking.
16:49 of 1st period - Jamie Arniel wins face-off versus Ryan Bayda in Demolitions zone.
16:55 of 1st period - Snap shot by Petr Pohl.
16:55 of 1st period - Shot Blocked by Jonathan Blum.
17:43 of 1st period - Josh Beaulieu is hit by Gord Baldwin and loses puck.
18:48 of 1st period - Penalty to Nicolas Blanchard is over, Nicolas Blanchard is back on ice.
19:01 of 1st period - Wrist shot by Nicolas Blanchard.
19:01 of 1st period - Shot Misses the Net.
19:03 of 1st period - Slapshot by Jack Skille.
19:03 of 1st period - Stopped by Jason Missiaen without a rebound.
19:04 of 1st period - Vladislav Namestnikov wins face-off versus Brandon McMillan in Griffins zone.
19:18 of 1st period - Mike Duco is hit by Aaron Palushaj and loses puck.
19:47 of 1st period - Snap shot by Petr Pohl.
19:47 of 1st period - Stopped by Olivier Roy without a rebound.
19:48 of 1st period - Nicolas Blanchard wins face-off versus Devin Shore in Demolitions zone.
Goals for this period are 0 for Griffins vs 2 for Demolitions.
Shots for this period are 7 for Griffins vs 8 for Demolitions.
2nd period
0:01 of 2nd period - Nicolas Blanchard wins face-off versus Jamie Arniel in neutral zone.
0:04 of 2nd period - Backhand shot by Jonathan Blum.
0:04 of 2nd period - Shot Blocked by Simon Despres.
0:10 of 2nd period - Slapshot by Nicolas Blanchard.
0:10 of 2nd period - Shot Misses the Net.
0:12 of 2nd period - Snap shot by Bobby Butler.
0:12 of 2nd period - Shot Misses the Net.
0:16 of 2nd period - Wrist shot by Erik Condra.
0:16 of 2nd period - Goal by Erik Condra - Griffins : 0 - Demolitions : 3.
0:17 of 2nd period - Nicolas Blanchard wins face-off versus Jamie Arniel in neutral zone.
0:22 of 2nd period - Slapshot by Jonathan Blum.
0:22 of 2nd period - Shot Misses the Net.
0:51 of 2nd period - Slapshot by Seth Helgeson.
0:51 of 2nd period - Shot Blocked by Simon Despres.
1:09 of 2nd period - Frazer Mclaren is hit by Lukas Krajicek and loses puck.
1:52 of 2nd period - Slapshot by Mike Duco.
1:52 of 2nd period - Shot Misses the Net.
2:14 of 2nd period - Snap shot by Ryan Russell.
2:14 of 2nd period - Shot Misses the Net.
2:20 of 2nd period - Slapshot by Tye McGinn.
2:20 of 2nd period - Shot Blocked by Jonathan Blum.
2:22 of 2nd period - Slapshot by Nathan Oystrick.
2:22 of 2nd period - Deflect By Devin Shore.
2:22 of 2nd period - Shot Misses the Net.
2:22 of 2nd period - Puck is out of play.
2:23 of 2nd period - Jamie Arniel wins face-off versus Nicolas Blanchard in Demolitions zone.
2:26 of 2nd period - Snap shot by Jamie Arniel.
2:26 of 2nd period - Goal by Jamie Arniel - Griffins : 1 - Demolitions : 3.
2:27 of 2nd period - Nicolas Blanchard wins face-off versus Jamie Arniel in neutral zone.
3:12 of 2nd period - Slapshot by Lukas Krajicek.
3:12 of 2nd period - Shot Blocked by Seth Helgeson.
3:20 of 2nd period - Danny DeKeiser is hit by Robert Dome and loses puck.
3:53 of 2nd period - Andrew Campbell is hit by Jamie Arniel and loses puck.
4:14 of 2nd period - Tye McGinn is hit by Jack Skille.
5:04 of 2nd period - Snap shot by Aaron Palushaj.
5:04 of 2nd period - Stopped by Jason Missiaen with a rebound.
5:20 of 2nd period - Off-side.
5:21 of 2nd period - Andrej Nestrasil wins face-off versus Jamie Arniel in neutral zone.
5:29 of 2nd period - Jamie Arniel is hit by Andrej Nestrasil and loses puck.
5:36 of 2nd period - Jamie Arniel is hit by Jonathan Blum and loses puck.
5:43 of 2nd period - Wrist shot by Ryan Russell.
5:43 of 2nd period - Shot Misses the Net.
5:45 of 2nd period - Wrist shot by Danny DeKeiser.
5:45 of 2nd period - Stopped by Jason Missiaen without a rebound.
5:46 of 2nd period - Nicolas Blanchard wins face-off versus Devin Shore in Griffins zone.
5:47 of 2nd period - Wrist shot by Erik Condra.
5:47 of 2nd period - Goal by Erik Condra - Griffins : 1 - Demolitions : 4.
5:47 of 2nd period - Malcolm Subban enters game.
5:48 of 2nd period - Nicolas Blanchard wins face-off versus Jamie Arniel in neutral zone.
5:52 of 2nd period - Off-side.
5:53 of 2nd period - Jamie Arniel wins face-off versus Nicolas Blanchard in neutral zone.
6:36 of 2nd period - Icing by J.T. Brown.
6:37 of 2nd period - Brandon McMillan wins face-off versus Greg Mauldin in Griffins zone.
6:40 of 2nd period - Wrist shot by Aaron Palushaj.
6:40 of 2nd period - Stopped by Malcolm Subban without a rebound.
6:41 of 2nd period - Brandon McMillan wins face-off versus Greg Mauldin in Griffins zone.
7:16 of 2nd period - Slapshot by Nicolas Blanchard.
7:16 of 2nd period - Stopped by Malcolm Subban with a rebound.
7:26 of 2nd period - Snap shot by J.T. Brown.
7:26 of 2nd period - Goal by J.T. Brown - Griffins : 2 - Demolitions : 4.
7:27 of 2nd period - Nicolas Blanchard wins face-off versus Jamie Arniel in neutral zone.
7:34 of 2nd period - Snap shot by Bobby Butler.
7:34 of 2nd period - Shot Misses the Net.
7:58 of 2nd period - Off-side.
7:59 of 2nd period - Jamie Arniel wins face-off versus Corban Knight in neutral zone.
8:02 of 2nd period - Slapshot by Kyle Lawson.
8:02 of 2nd period - Stopped by Olivier Roy without a rebound.
8:03 of 2nd period - Jamie Arniel wins face-off versus Nicolas Blanchard in Demolitions zone.
8:45 of 2nd period - Wrist shot by Bobby Butler.
8:45 of 2nd period - Shot Misses the Net.
9:01 of 2nd period - Wrist shot by Lukas Krajicek.
9:01 of 2nd period - Shot Misses the Net.
9:09 of 2nd period - Wrist shot by Erik Condra.
9:09 of 2nd period - Stopped by Malcolm Subban with a rebound.
9:11 of 2nd period - Snap shot by Nicolas Blanchard.
9:11 of 2nd period - Shot Misses the Net.
9:13 of 2nd period - Slapshot by Bobby Butler.
9:13 of 2nd period - Stopped by Malcolm Subban with a rebound.
9:15 of 2nd period - Slapshot by Danny DeKeiser.
9:15 of 2nd period - Stopped by Malcolm Subban with a rebound.
9:17 of 2nd period - Wrist shot by Erik Condra.
9:17 of 2nd period - Stopped by Malcolm Subban with a rebound.
9:19 of 2nd period - Snap shot by Seth Helgeson.
9:19 of 2nd period - Stopped by Malcolm Subban with a rebound.
9:33 of 2nd period - Slapshot by Lukas Krajicek.
9:33 of 2nd period - Shot Blocked by Danny DeKeiser.
9:43 of 2nd period - Snap shot by Erik Condra.
9:43 of 2nd period - Shot Blocked by Simon Despres.
9:47 of 2nd period - Snap shot by Nicolas Blanchard.
9:47 of 2nd period - Stopped by Malcolm Subban with a rebound.
9:49 of 2nd period - Slapshot by Danny DeKeiser.
9:49 of 2nd period - Deflect By Erik Condra.
9:49 of 2nd period - Shot Misses the Net.
9:49 of 2nd period - Puck is out of play.
9:50 of 2nd period - Corban Knight wins face-off versus Jamie Arniel in Griffins zone.
9:54 of 2nd period - Icing by Jamie Arniel.
9:55 of 2nd period - Jamie Arniel wins face-off versus Corban Knight in Griffins zone.
10:02 of 2nd period - Slapshot by Jamie Arniel.
10:02 of 2nd period - Shot Blocked by Jonathan Blum.
10:04 of 2nd period - Slapshot by Petr Pohl.
10:04 of 2nd period - Shot Misses the Net.
10:06 of 2nd period - Snap shot by Pontus Aberg.
10:06 of 2nd period - Deflect By Petr Pohl.
10:06 of 2nd period - Stopped by Olivier Roy without a rebound.
10:07 of 2nd period - Jamie Arniel wins face-off versus Corban Knight in Demolitions zone.
10:10 of 2nd period - Wrist shot by Petr Pohl.
10:10 of 2nd period - Stopped by Olivier Roy without a rebound.
10:11 of 2nd period - Jamie Arniel wins face-off versus Corban Knight in Demolitions zone.
10:18 of 2nd period - Snap shot by Petr Pohl.
10:18 of 2nd period - Shot Misses the Net.
10:20 of 2nd period - Slapshot by Kyle Lawson.
10:20 of 2nd period - Stopped by Olivier Roy with a rebound.
10:22 of 2nd period - Slapshot by Gord Baldwin.
10:22 of 2nd period - Stopped by Olivier Roy with a rebound.
10:24 of 2nd period - Slapshot by Kyle Lawson.
10:24 of 2nd period - Shot Misses the Net.
10:26 of 2nd period - Wrist shot by Jamie Arniel.
10:26 of 2nd period - Shot Misses the Net.
10:38 of 2nd period - Backhand shot by Aaron Palushaj.
10:38 of 2nd period - Shot Misses the Net.
10:40 of 2nd period - Wrist shot by Jonathan Blum.
10:40 of 2nd period - Stopped by Malcolm Subban without a rebound.
10:41 of 2nd period - Devin Shore wins face-off versus Brandon McMillan in Griffins zone.
11:29 of 2nd period - Snap shot by Erik Condra.
11:29 of 2nd period - Shot Misses the Net.
11:31 of 2nd period - Snap shot by Nicolas Blanchard.
11:31 of 2nd period - Stopped by Malcolm Subban without a rebound.
11:32 of 2nd period - Devin Shore wins face-off versus Nicolas Blanchard in Griffins zone.
11:57 of 2nd period - Petr Pohl is hit by Corban Knight.
12:07 of 2nd period - Wrist shot by Jamie Arniel.
12:07 of 2nd period - Shot Misses the Net.
12:29 of 2nd period - Slapshot by Jonathan Blum.
12:29 of 2nd period - Stopped by Malcolm Subban with a rebound.
12:41 of 2nd period - Backhand shot by Lucas Lessio.
12:41 of 2nd period - Stopped by Olivier Roy without a rebound.
12:42 of 2nd period - Bobby Butler wins face-off versus Vladislav Namestnikov in Demolitions zone.
12:44 of 2nd period - Icing by Seth Helgeson.
12:45 of 2nd period - Nicolas Blanchard wins face-off versus Jamie Arniel in Demolitions zone.
12:55 of 2nd period - Snap shot by Jamie Arniel.
12:55 of 2nd period - Stopped by Olivier Roy with a rebound.
13:21 of 2nd period - Backhand shot by Nicolas Blanchard.
13:21 of 2nd period - Stopped by Malcolm Subban with a rebound.
13:23 of 2nd period - Snap shot by Nicolas Blanchard.
13:23 of 2nd period - Stopped by Malcolm Subban without a rebound.
13:24 of 2nd period - Ryan Bayda wins face-off versus Devin Shore in Griffins zone.
13:29 of 2nd period - Backhand shot by Jack Skille.
13:29 of 2nd period - Deflect By Ryan Bayda.
13:29 of 2nd period - Shot Blocked by J.T. Brown.
13:29 of 2nd period - Puck is out of play.
13:30 of 2nd period - Corban Knight wins face-off versus Devin Shore in Griffins zone.
13:48 of 2nd period - Minor Penalty to Nathan Oystrick for Holding.
13:49 of 2nd period - Jamie Arniel wins face-off versus Nicolas Blanchard in Griffins zone.
13:49 of 2nd period - Jamie Arniel is hit by Nicolas Blanchard.
14:23 of 2nd period - Wrist shot by Jonathan Blum.
14:23 of 2nd period - Shot Blocked by Lukas Krajicek.
14:58 of 2nd period - Snap shot by Jonathan Blum.
14:58 of 2nd period - Deflect By Simon Despres.
14:58 of 2nd period - Stopped by Malcolm Subban with a rebound.
15:24 of 2nd period - Jack Skille is hit by Devin Shore and loses puck.
15:39 of 2nd period - Kyle Lawson is hit by Bobby Butler and loses puck.
15:46 of 2nd period - Wrist shot by Bobby Butler.
15:46 of 2nd period - Shot Blocked by Petter Granberg.
15:48 of 2nd period - Penalty to Nathan Oystrick is over, Nathan Oystrick is back on ice.
15:48 of 2nd period - Slapshot by Danny DeKeiser.
15:48 of 2nd period - Stopped by Malcolm Subban with a rebound.
15:54 of 2nd period - Snap shot by Bobby Butler.
15:54 of 2nd period - Deflect By Kyle Lawson.
15:54 of 2nd period - Shot Blocked by Kyle Lawson.
15:54 of 2nd period - Puck is out of play.
15:55 of 2nd period - Greg Mauldin wins face-off versus Brandon McMillan in Griffins zone.
16:20 of 2nd period - Icing by Seth Helgeson.
16:21 of 2nd period - Jamie Arniel wins face-off versus Brandon McMillan in Demolitions zone.
16:24 of 2nd period - Wrist shot by Jamie Arniel.
16:24 of 2nd period - Stopped by Olivier Roy without a rebound.
16:25 of 2nd period - Andrej Nestrasil wins face-off versus Jamie Arniel in Demolitions zone.
16:43 of 2nd period - Icing by Andrew Campbell.
16:44 of 2nd period - Devin Shore wins face-off versus Andrej Nestrasil in Demolitions zone.
16:49 of 2nd period - Snap shot by Tye McGinn.
16:49 of 2nd period - Stopped by Olivier Roy with a rebound.
16:51 of 2nd period - Wrist shot by Tye McGinn.
16:51 of 2nd period - Stopped by Olivier Roy without a rebound.
16:52 of 2nd period - Devin Shore wins face-off versus Brandon McMillan in Demolitions zone.
17:32 of 2nd period - Slapshot by Jamie Arniel.
17:32 of 2nd period - Shot Misses the Net.
18:29 of 2nd period - Slapshot by Ryan Bayda.
18:29 of 2nd period - Shot Blocked by Gord Baldwin.
18:32 of 2nd period - Icing by Kyle Lawson.
18:33 of 2nd period - Jamie Arniel wins face-off versus Nicolas Blanchard in Griffins zone.
18:54 of 2nd period - Slapshot by Jamie Arniel.
18:54 of 2nd period - Shot Misses the Net.
19:02 of 2nd period - Snap shot by Petr Pohl.
19:02 of 2nd period - Stopped by Olivier Roy without a rebound.
19:03 of 2nd period - Corban Knight wins face-off versus Greg Mauldin in Demolitions zone.
19:03 of 2nd period - Jack Skille is hit by Ben Hanowski and loses puck.
19:08 of 2nd period - Snap shot by Robert Dome.
19:08 of 2nd period - Goal by Robert Dome - Griffins : 3 - Demolitions : 4.
19:09 of 2nd period - Nicolas Blanchard wins face-off versus Jamie Arniel in neutral zone.
19:24 of 2nd period - Snap shot by Erik Condra.
19:24 of 2nd period - Shot Blocked by Pontus Aberg.
19:34 of 2nd period - Andrew Campbell is hit by Simon Despres and loses puck.
19:43 of 2nd period - Wrist shot by Ben Hanowski.
19:43 of 2nd period - Stopped by Olivier Roy with a rebound.
19:45 of 2nd period - Snap shot by Robert Dome.
19:45 of 2nd period - Stopped by Olivier Roy without a rebound.
19:46 of 2nd period - Devin Shore wins face-off versus Erik Condra in Demolitions zone.
19:55 of 2nd period - Snap shot by J.T. Brown.
19:55 of 2nd period - Shot Misses the Net.
19:57 of 2nd period - Wrist shot by J.T. Brown.
19:57 of 2nd period - Stopped by Olivier Roy without a rebound.
19:58 of 2nd period - Nicolas Blanchard wins face-off versus Jamie Arniel in Demolitions zone.
Goals for this period are 3 for Griffins vs 2 for Demolitions.
Shots for this period are 17 for Griffins vs 19 for Demolitions.
3rd period
0:01 of 3rd period - Petr Pohl wins face-off versus Nicolas Blanchard in neutral zone.
0:53 of 3rd period - Robert Dome is hit by Seth Helgeson and loses puck.
1:27 of 3rd period - Wrist shot by Ben Hanowski.
1:27 of 3rd period - Shot Misses the Net.
1:29 of 3rd period - Slapshot by Gord Baldwin.
1:29 of 3rd period - Deflect By Robert Dome.
1:29 of 3rd period - Shot Misses the Net.
1:29 of 3rd period - Puck is out of play.
1:30 of 3rd period - Jamie Arniel wins face-off versus Corban Knight in Demolitions zone.
1:41 of 3rd period - Wrist shot by Petr Pohl.
1:41 of 3rd period - Deflect By Ryan Bayda.
1:41 of 3rd period - Shot Misses the Net.
1:41 of 3rd period - Puck is out of play.
1:42 of 3rd period - Corban Knight wins face-off versus Jamie Arniel in Demolitions zone.
1:44 of 3rd period - Icing by Andrew Campbell.
1:45 of 3rd period - Jamie Arniel wins face-off versus Corban Knight in Demolitions zone.
1:58 of 3rd period - Snap shot by Jamie Arniel.
1:58 of 3rd period - Stopped by Olivier Roy without a rebound.
1:59 of 3rd period - Devin Shore wins face-off versus Corban Knight in Demolitions zone.
2:27 of 3rd period - Icing by Jonathan Blum.
2:28 of 3rd period - Corban Knight wins face-off versus Ben Hanowski in Demolitions zone.
2:40 of 3rd period - Snap shot by Jack Skille.
2:40 of 3rd period - Goal by Jack Skille - Griffins : 3 - Demolitions : 5.
2:41 of 3rd period - Jamie Arniel wins face-off versus Nicolas Blanchard in neutral zone.
2:46 of 3rd period - Wrist shot by Petr Pohl.
2:46 of 3rd period - Shot Misses the Net.
4:10 of 3rd period - Wrist shot by Petr Pohl.
4:10 of 3rd period - Stopped by Olivier Roy with a rebound.
4:14 of 3rd period - Wrist shot by Jamie Arniel.
4:14 of 3rd period - Deflect By Petr Pohl.
4:14 of 3rd period - Stopped by Olivier Roy without a rebound.
4:15 of 3rd period - Nicolas Blanchard wins face-off versus Jamie Arniel in Demolitions zone.
4:22 of 3rd period - Slapshot by Seth Helgeson.
4:22 of 3rd period - Stopped by Malcolm Subban with a rebound.
5:54 of 3rd period - Wrist shot by Lucas Lessio.
5:54 of 3rd period - Shot Misses the Net.
5:56 of 3rd period - Snap shot by Gord Baldwin.
5:56 of 3rd period - Stopped by Olivier Roy with a rebound.
5:58 of 3rd period - Slapshot by Gord Baldwin.
5:58 of 3rd period - Shot Blocked by Jonathan Blum.
6:00 of 3rd period - Snap shot by Vladislav Namestnikov.
6:00 of 3rd period - Stopped by Olivier Roy with a rebound.
6:02 of 3rd period - Snap shot by Lucas Lessio.
6:02 of 3rd period - Stopped by Olivier Roy with a rebound.
6:06 of 3rd period - Snap shot by Mike Duco.
6:06 of 3rd period - Stopped by Olivier Roy without a rebound.
6:07 of 3rd period - Nicolas Blanchard wins face-off versus Jamie Arniel in Demolitions zone.
6:25 of 3rd period - Lukas Krajicek is hit by Nicolas Blanchard and loses puck.
7:56 of 3rd period - Snap shot by Corban Knight.
7:56 of 3rd period - Deflect By Petter Granberg.
7:56 of 3rd period - Shot Blocked by Nathan Oystrick.
7:56 of 3rd period - Puck is out of play.
7:57 of 3rd period - Nicolas Blanchard wins face-off versus Jamie Arniel in Griffins zone.
7:58 of 3rd period - Wrist shot by Bobby Butler.
7:58 of 3rd period - Goal by Bobby Butler - Griffins : 3 - Demolitions : 6.
7:59 of 3rd period - Jamie Arniel wins face-off versus Nicolas Blanchard in neutral zone.
8:09 of 3rd period - Icing by Petter Granberg.
8:10 of 3rd period - Jamie Arniel wins face-off versus Nicolas Blanchard in Griffins zone.
8:23 of 3rd period - Snap shot by Jamie Arniel.
8:23 of 3rd period - Stopped by Olivier Roy with a rebound.
8:25 of 3rd period - Snap shot by Petr Pohl.
8:25 of 3rd period - Stopped by Olivier Roy with a rebound.
8:53 of 3rd period - Snap shot by Jamie Arniel.
8:53 of 3rd period - Stopped by Olivier Roy with a rebound.
8:55 of 3rd period - Snap shot by Jamie Arniel.
8:55 of 3rd period - Stopped by Olivier Roy without a rebound.
8:56 of 3rd period - Nicolas Blanchard wins face-off versus Tye McGinn in Demolitions zone.
9:21 of 3rd period - Ben Hanowski is hit by Corban Knight.
9:55 of 3rd period - Slapshot by Jonathan Blum.
9:55 of 3rd period - Shot Blocked by Lucas Lessio.
9:57 of 3rd period - Slapshot by Jonathan Blum.
9:57 of 3rd period - Shot Blocked by Kyle Lawson.
10:07 of 3rd period - J.T. Brown is hit by Danny DeKeiser and loses puck.
10:31 of 3rd period - Wrist shot by Jamie Arniel.
10:31 of 3rd period - Shot Blocked by Danny DeKeiser.
10:37 of 3rd period - Nathan Oystrick is hit by Seth Helgeson.
10:49 of 3rd period - Icing by Robert Dome.
10:50 of 3rd period - Greg Mauldin wins face-off versus Corban Knight in Griffins zone.
10:55 of 3rd period - Petter Granberg is hit by Corban Knight and loses puck.
11:02 of 3rd period - Slapshot by Ryan Bayda.
11:02 of 3rd period - Stopped by Malcolm Subban with a rebound.
11:44 of 3rd period - Ben Hanowski is hit by Andrew Campbell and loses puck.
11:51 of 3rd period - Slapshot by Jack Skille.
11:51 of 3rd period - Shot Misses the Net.
11:53 of 3rd period - Slapshot by Jonathan Blum.
11:53 of 3rd period - Stopped by Malcolm Subban with a rebound.
11:55 of 3rd period - Wrist shot by Andrew Campbell.
11:55 of 3rd period - Stopped by Malcolm Subban with a rebound.
11:57 of 3rd period - Snap shot by Ryan Bayda.
11:57 of 3rd period - Stopped by Malcolm Subban with a rebound.
11:59 of 3rd period - Wrist shot by Ryan Bayda.
11:59 of 3rd period - Stopped by Malcolm Subban without a rebound.
12:00 of 3rd period - Petr Pohl wins face-off versus Nicolas Blanchard in Griffins zone.
12:22 of 3rd period - Minor Penalty to Seth Helgeson for Goalie Interference.
12:23 of 3rd period - Jamie Arniel wins face-off versus Ryan Bayda in Demolitions zone.
12:30 of 3rd period - Snap shot by Petr Pohl.
12:30 of 3rd period - Shot Blocked by Robert Bortuzzo.
13:24 of 3rd period - Danny DeKeiser is hit by Ben Hanowski and loses puck.
14:22 of 3rd period - Penalty to Seth Helgeson is over, Seth Helgeson is back on ice.
14:48 of 3rd period - Jamie Arniel is hit by Aaron Palushaj and loses puck.
15:07 of 3rd period - Nathan Oystrick is hit by Ryan Russell and loses puck.
15:29 of 3rd period - Slapshot by Erik Condra.
15:29 of 3rd period - Shot Misses the Net.
16:04 of 3rd period - Lucas Lessio is hit by Aaron Palushaj and loses puck.
16:09 of 3rd period - Wrist shot by Aaron Palushaj.
16:09 of 3rd period - Stopped by Malcolm Subban with a rebound.
16:17 of 3rd period - Minor Penalty to Mike Duco for Slashing.
16:18 of 3rd period - Nicolas Blanchard wins face-off versus Jamie Arniel in Griffins zone.
16:19 of 3rd period - Slapshot by Bobby Butler.
16:19 of 3rd period - Shot Misses the Net.
16:21 of 3rd period - Snap shot by Danny DeKeiser.
16:21 of 3rd period - Shot Blocked by Lukas Krajicek.
16:27 of 3rd period - Erik Condra is hit by Petr Pohl and loses puck.
16:32 of 3rd period - Wrist shot by Jamie Arniel.
16:32 of 3rd period - Shot Misses the Net.
16:34 of 3rd period - Slapshot by Lukas Krajicek.
16:34 of 3rd period - Stopped by Olivier Roy with a rebound.
16:40 of 3rd period - Petr Pohl is hit by Erik Condra and loses puck.
17:36 of 3rd period - Josh Beaulieu is hit by Gord Baldwin.
18:17 of 3rd period - Penalty to Mike Duco is over, Mike Duco is back on ice.
18:29 of 3rd period - Snap shot by Greg Mauldin.
18:29 of 3rd period - Shot Misses the Net.
18:31 of 3rd period - Slapshot by Petter Granberg.
18:31 of 3rd period - Deflect By Robert Dome.
18:31 of 3rd period - Shot Misses the Net.
18:31 of 3rd period - Puck is out of play.
18:32 of 3rd period - Greg Mauldin wins face-off versus Brandon McMillan in Demolitions zone.
18:47 of 3rd period - Robert Dome is hit by Seth Helgeson and loses puck.
19:07 of 3rd period - Backhand shot by Tye McGinn.
19:07 of 3rd period - Shot Blocked by Jonathan Blum.
19:09 of 3rd period - Wrist shot by Tye McGinn.
19:09 of 3rd period - Deflect By Devin Shore.
19:09 of 3rd period - Shot Misses the Net.
19:09 of 3rd period - Puck is out of play.
19:10 of 3rd period - Jamie Arniel wins face-off versus Bobby Butler in Demolitions zone.
19:19 of 3rd period - Snap shot by Petr Pohl.
19:19 of 3rd period - Stopped by Olivier Roy with a rebound.
19:25 of 3rd period - Backhand shot by Petr Pohl.
19:25 of 3rd period - Shot Misses the Net.
19:31 of 3rd period - Minor Penalty to Bobby Butler for Roughing.
19:32 of 3rd period - Jamie Arniel wins face-off versus Ryan Bayda in Demolitions zone.
19:35 of 3rd period - Snap shot by Robert Dome.
19:35 of 3rd period - Stopped by Olivier Roy without a rebound.
19:36 of 3rd period - Jamie Arniel wins face-off versus Ryan Bayda in Demolitions zone.
19:45 of 3rd period - Wrist shot by Petr Pohl.
19:45 of 3rd period - Shot Blocked by Mike Sauer.
19:47 of 3rd period - Slapshot by Simon Despres.
19:47 of 3rd period - Stopped by Olivier Roy without a rebound.
19:48 of 3rd period - Robert Dome wins face-off versus Ryan Bayda in Demolitions zone.
Goals for this period are 0 for Griffins vs 2 for Demolitions.
Shots for this period are 15 for Griffins vs 9 for Demolitions.
Back to the Top